| TOP OF THE 1ST |
|
Aberdeen Pheasants batting - Pitching for Sioux Falls Packers : LHP Jose Perez
|
|
Pitching: LHP Jose Perez
|
|
|
Batting: RHB Thomas Masterson
|
0-0: Ball 1-0: SINGLE (Groundball, 6MD, EV 98.1 MPH)
|
|
Batting: RHB Alejandro Luna
|
0-0: Ball 1-0: Foul Ball, location: 2F 1-1: Ball 2-1: Foul Ball, location: 2F 2-2: Grounds into double play, 4-6-3 (Groundball, 4, EV 105.0 MPH)
|
|
Batting: LHB Sergio Leija
|
0-0: Called Strike 0-1: Fly out, F9 (Flyball, 9LS, EV 81.3 MPH)
|
| Top of the 1st over - 0 runs, 1 hit, 0 errors, 0 left on base; Aberdeen 0 - Sioux Falls 0 |
| BOTTOM OF THE 1ST |
|
Sioux Falls Packers batting - Pitching for Aberdeen Pheasants : RHP Josh Seymour
|
|
Pitching: RHP Josh Seymour
|
|
|
Batting: RHB Donald Devlin
|
0-0: Foul Ball, location: 2F 0-1: Foul Ball, location: 2F 0-2: Ball 1-2: Ball 2-2: Ground out 6-3 (Groundball, 6, EV 102.5 MPH)
|
|
Batting: RHB Javier Flores
|
0-0: Fly out, F7 (Line Drive, 7D, EV 106.3 MPH)
|
|
Batting: LHB Mike Aldrete
|
0-0: Ball 1-0: Called Strike 1-1: Called Strike 1-2: Foul Ball, location: 2F 1-2: Strikes out swinging
|
| Bottom of the 1st over - 0 runs, 0 hits, 0 errors, 0 left on base; Aberdeen 0 - Sioux Falls 0 |
| TOP OF THE 2ND |
|
Aberdeen Pheasants batting - Pitching for Sioux Falls Packers : LHP Jose Perez
|
|
Batting: LHB Robert McNair
|
0-0: Ball 1-0: Foul Ball, location: 2F 1-1: Fly out, F8 (Line Drive, 8RM, EV 91.3 MPH)
|
|
Batting: LHB Bob Porter
|
0-0: Ground out 3-1 (Groundball, 34, EV 100.0 MPH)
|
|
Batting: RHB Pedro Chavez
|
0-0: Ball 1-0: Called Strike 1-1: Ball 2-1: Ball 3-1: DOUBLE (Flyball, 78D, EV 87.5 MPH)
|
|
Batting: RHB Mike R Fitzgerald
|
0-0: Ball 1-0: Ball 2-0: Called Strike 2-1: Foul Ball, location: 2F 2-2: Ground out 6-3 (Groundball, 6, EV 78.8 MPH)
|
| Top of the 2nd over - 0 runs, 1 hit, 0 errors, 1 left on base; Aberdeen 0 - Sioux Falls 0 |
| BOTTOM OF THE 2ND |
|
Sioux Falls Packers batting - Pitching for Aberdeen Pheasants : RHP Josh Seymour
|
|
Batting: SHB Dan Hanggie
|
0-0: Ball 1-0: Foul Ball, location: 2F 1-1: Ball 2-1: Ball 3-1: Swinging Strike 3-2: Strikes out swinging
|
|
Batting: LHB Randy Salava
|
0-0: Called Strike 0-1: SINGLE (Line Drive, 7S, EV 95.6 MPH)
|
|
Batting: SHB Gary Springer
|
0-0: Foul Ball, location: 2F 0-1: Called Strike 0-2: Ball 1-2: Ball 2-2: Fielders Choice at 2nd, 6-4 (Groundball, 6, EV 80.6 MPH)
|
|
Batting: LHB Michael Robbins
|
0-0: Ball 1-0: Called Strike 1-1: Ball 2-1: SINGLE (Groundball, 3S, EV 76.9 MPH) (infield hit) Gary Springer to second
|
|
Batting: RHB Brian Snitker
|
0-0: Ball 1-0: Ball 2-0: Ball 3-0: Base on Balls Gary Springer to third Michael Robbins to second
|
|
Batting: RHB Francisco Perez
|
0-0: Ball 1-0: Ball 2-0: Foul Ball, location: 2F 2-1: Called Strike 2-2: Foul Ball, location: 2F 2-2: Strikes out swinging
|
| Bottom of the 2nd over - 0 runs, 2 hits, 0 errors, 3 left on base; Aberdeen 0 - Sioux Falls 0 |
| TOP OF THE 3RD |
|
Aberdeen Pheasants batting - Pitching for Sioux Falls Packers : LHP Jose Perez
|
|
Batting: RHB Armando Ramirez
|
0-0: Ball 1-0: Called Strike 1-1: Swinging Strike 1-2: Strikes out swinging
|
|
Batting: RHB Diego Martinez
|
0-0: Bunt missed! 0-1: SINGLE (Groundball, 56, EV 94.4 MPH)
|
|
Batting: RHB Thomas Masterson
|
0-0: Ball Diego Martinez is caught stealing 2nd base 2-4 1-0: Called Strike 1-1: Foul Ball, location: 2F 1-2: Ball 2-2: Ball 3-2: Ground out 5-3 (Groundball, 56, EV 87.5 MPH)
|
| Top of the 3rd over - 0 runs, 1 hit, 0 errors, 0 left on base; Aberdeen 0 - Sioux Falls 0 |
| BOTTOM OF THE 3RD |
|
Sioux Falls Packers batting - Pitching for Aberdeen Pheasants : RHP Josh Seymour
|
|
Batting: RHB Donald Devlin
|
0-0: Ball 1-0: Ball 2-0: Ball 3-0: Base on Balls
|
|
Batting: RHB Javier Flores
|
0-0: Ball 1-0: Fly out, F8 (Line Drive, 8LD, EV 101.9 MPH)
|
|
Batting: LHB Mike Aldrete
|
0-0: Ball 1-0: Called Strike 1-1: Ball 2-1: Ball 3-1: Swinging Strike 3-2: Strikes out looking Donald Devlin steals 2nd base Batter strikes out.
|
|
Batting: SHB Dan Hanggie
|
0-0: Ball 1-0: Ball 2-0: Ground out U3 (Groundball, 3, EV 84.4 MPH)
|
| Bottom of the 3rd over - 0 runs, 0 hits, 0 errors, 1 left on base; Aberdeen 0 - Sioux Falls 0 |
| TOP OF THE 4TH |
|
Aberdeen Pheasants batting - Pitching for Sioux Falls Packers : LHP Jose Perez
|
|
Batting: RHB Alejandro Luna
|
0-0: Called Strike 0-1: Ball 1-1: Called Strike 1-2: Ball 2-2: Strikes out swinging
|
|
Batting: LHB Sergio Leija
|
0-0: Ball 1-0: Ball 2-0: Ground out 4-3 (Groundball, 4S, EV 85.6 MPH)
|
|
Batting: LHB Robert McNair
|
0-0: Swinging Strike 0-1: Ball 1-1: DOUBLE (Flyball, 78XD, EV 104.4 MPH)
|
|
Batting: LHB Bob Porter
|
0-0: Foul Ball, location: 2F 0-1: Foul Ball, location: 2F 0-2: Ball 1-2: Ball 2-2: Foul Ball, location: 2F 2-2: Foul Ball, location: 2F 2-2: Strikes out swinging
|
| Top of the 4th over - 0 runs, 1 hit, 0 errors, 1 left on base; Aberdeen 0 - Sioux Falls 0 |
| BOTTOM OF THE 4TH |
|
Sioux Falls Packers batting - Pitching for Aberdeen Pheasants : RHP Josh Seymour
|
|
Batting: LHB Randy Salava
|
0-0: Ball 1-0: Swinging Strike 1-1: Ball 2-1: Ball 3-1: Foul Ball, location: 2F 3-2: Base on Balls
|
|
Batting: SHB Gary Springer
|
0-0: Ball 1-0: Ball 2-0: Ball 3-0: Base on Balls Randy Salava to second
|
|
Batting: LHB Michael Robbins
|
0-0: Ball 1-0: Foul Ball, location: 2F 1-1: Ball Wild Pitch! Randy Salava to third Gary Springer to second 2-1: Swinging Strike 2-2: Foul Ball, location: 2F 2-2: Ball 3-2: Strikes out looking
|
|
Batting: RHB Brian Snitker
|
0-0: Ball 1-0: Foul Ball, location: 2F 1-1: Ball 2-1: Fly out, F9 (Flyball, 9LM, EV 96.9 MPH) Runner from 3rd tags up, SCORES, throw by RF Gary Springer to third
|
|
Batting: RHB Francisco Perez
|
0-0: Called Strike 0-1: Ball 1-1: Ball 2-1: Ball 3-1: Foul Ball, location: 2F 3-2: Foul Ball, location: 2F 3-2: Foul Ball, location: 2F 3-2: Strikes out looking
|
| Bottom of the 4th over - 1 run, 0 hits, 0 errors, 1 left on base; Aberdeen 0 - Sioux Falls 1 |
| TOP OF THE 5TH |
|
Aberdeen Pheasants batting - Pitching for Sioux Falls Packers : LHP Jose Perez
|
|
Batting: RHB Pedro Chavez
|
0-0: Called Strike 0-1: Ball 1-1: Ball 2-1: Fly out, F8 (Flyball, 8RXD, EV 96.3 MPH)
|
|
Batting: RHB Mike R Fitzgerald
|
0-0: Foul Ball, location: 2F 0-1: Ball 1-1: Ball 2-1: Ball 3-1: Base on Balls
|
|
Batting: RHB Armando Ramirez
|
0-0: Called Strike 0-1: Ball 1-1: Foul Ball, location: 2F 1-2: SINGLE (Groundball, 56S, EV 74.4 MPH) (infield hit) Mike R Fitzgerald to second
|
|
Batting: RHB Diego Martinez
|
0-0: DOUBLE (Line Drive, 9LM, EV 100.6 MPH) Mike R Fitzgerald scores Armando Ramirez to third Runner from 3rd tries for Home, SAFE, no throw by RF
|
|
Batting: RHB Thomas Masterson
|
0-0: Ball 1-0: Ball 2-0: Ball 3-0: Base on Balls
|
|
Batting: RHB Alejandro Luna
|
0-0: Ball 1-0: Fly out, F8 (Flyball, 8RXD, EV 85.6 MPH) Runner from 2nd tags up, SAFE at 3rd, no throw by CF
|
|
Batting: LHB Sergio Leija
|
0-0: Ball 1-0: Foul Ball, location: 2F 1-1: Ground out U3 (Groundball, 3, EV 101.3 MPH)
|
| Top of the 5th over - 2 runs, 2 hits, 0 errors, 2 left on base; Aberdeen 2 - Sioux Falls 1 |
| BOTTOM OF THE 5TH |
|
Sioux Falls Packers batting - Pitching for Aberdeen Pheasants : RHP Josh Seymour
|
|
Batting: RHB Donald Devlin
|
0-0: SINGLE (Groundball, 4D, EV 97.5 MPH)
|
|
Batting: RHB Javier Flores
|
0-0: Ball 1-0: Bunted foul 1-1: Bunted foul 1-2: Ball 2-2: Foul Ball, location: 2F 2-2: Fly out, F7 (Flyball, 7, EV 75.6 MPH)
|
|
Batting: LHB Mike Aldrete
|
0-0: Ball 1-0: Foul Ball, location: 2F 1-1: Ball 2-1: Ball 3-1: Foul Ball, location: 2F 3-2: Fly out, F6 (Popup, 6, EV 80.6 MPH)
|
|
Batting: SHB Dan Hanggie
|
0-0: Fly out, F4 (Popup, 4, EV 65.6 MPH)
|
| Bottom of the 5th over - 0 runs, 1 hit, 0 errors, 1 left on base; Aberdeen 2 - Sioux Falls 1 |
| TOP OF THE 6TH |
|
Aberdeen Pheasants batting - Pitching for Sioux Falls Packers : LHP Jose Perez
|
|
Batting: LHB Robert McNair
|
0-0: Swinging Strike 0-1: Foul Ball, location: 2F 0-2: Foul Ball, location: 2F 0-2: Fly out, F7 (Flyball, 78M, EV 90.0 MPH)
|
|
Batting: LHB Bob Porter
|
0-0: Ball 1-0: Ball 2-0: Ball 3-0: Called Strike 3-1: Ground out 4-3 (Groundball, 4, EV 91.3 MPH)
|
|
Batting: RHB Pedro Chavez
|
0-0: Fly out, F4 (Line Drive, 4M, EV 93.8 MPH)
|
| Top of the 6th over - 0 runs, 0 hits, 0 errors, 0 left on base; Aberdeen 2 - Sioux Falls 1 |
| BOTTOM OF THE 6TH |
|
Sioux Falls Packers batting - Pitching for Aberdeen Pheasants : RHP Josh Seymour
|
|
Batting: LHB Randy Salava
|
0-0: Ground out 6-3 (Groundball, 6, EV 83.1 MPH)
|
|
Batting: SHB Gary Springer
|
0-0: Called Strike 0-1: Swinging Strike 0-2: Ball 1-2: Foul Ball, location: 2F 1-2: Foul Ball, location: 2F 1-2: Ball 2-2: Fly out, F6 (Flyball, 56D, EV 90.6 MPH)
|
|
Batting: LHB Michael Robbins
|
0-0: Ball 1-0: Ball 2-0: Called Strike 2-1: Fly out, F9 (Flyball, 9D, EV 102.5 MPH)
|
| Bottom of the 6th over - 0 runs, 0 hits, 0 errors, 0 left on base; Aberdeen 2 - Sioux Falls 1 |
| TOP OF THE 7TH |
|
Aberdeen Pheasants batting - Pitching for Sioux Falls Packers : LHP Jose Perez
|
|
Batting: RHB Mike R Fitzgerald
|
0-0: Ball 1-0: Foul Ball, location: 2F 1-1: Ball 2-1: Fly out, F8 (Flyball, 89XD, EV 91.3 MPH)
|
|
Batting: RHB Armando Ramirez
|
0-0: Ground out 6-3 (Groundball, 6MS, EV 68.8 MPH)
|
|
Batting: RHB Diego Martinez
|
0-0: Ball 1-0: Foul Ball, location: 2F 1-1: Foul Ball, location: 2F 1-2: Ball 2-2: Foul Ball, location: 2F 2-2: Foul Ball, location: 2F 2-2: Foul Ball, location: 2F 2-2: Strikes out swinging
|
| Top of the 7th over - 0 runs, 0 hits, 0 errors, 0 left on base; Aberdeen 2 - Sioux Falls 1 |
| BOTTOM OF THE 7TH |
|
Sioux Falls Packers batting - Pitching for Aberdeen Pheasants : RHP Josh Seymour
|
|
Batting: RHB Brian Snitker
|
0-0: Ball 1-0: Ball 2-0: Foul Ball, location: 2F 2-1: Ball 3-1: Swinging Strike 3-2: SOLO HOME RUN (Flyball, 78XD, EV 97.5 MPH), Distance : 401 ft
|
|
Batting: RHB Francisco Perez
|
0-0: Called Strike 0-1: DOUBLE (Line Drive, 5D, EV 99.4 MPH)
|
|
Batting: RHB Donald Devlin
|
0-0: Intentional Walk
|
|
Batting: RHB Javier Flores
|
0-0: Ball 1-0: Bunted foul 1-1: Bunted foul 1-2: Foul Ball, location: 2F 1-2: Ball 2-2: SINGLE (Groundball, 34, EV 102.5 MPH) Francisco Perez to third Donald Devlin to second Runner from 3rd tries for Home, SAFE, throw by RF to home
|
|
Batting: LHB Mike Aldrete
|
0-0: Called Strike 0-1: Fielders Choice at 3rd, U5 (Groundball, 5L, EV 76.3 MPH) Javier Flores to second
|
|
Batting: SHB Dan Hanggie
|
0-0: Ball Javier Flores steals 3rd base Mike Aldrete to second 1-0: Called Strike 1-1: Swinging Strike 1-2: Ball 2-2: Ball 3-2: Base on Balls
|
|
Pitching: RHP Ernesto Borbon
|
|
|
Batting: LHB Randy Salava
|
0-0: Ball 1-0: Ball 2-0: Swinging Strike 2-1: Foul Ball, location: 2F 2-2: Foul Ball, location: 2F 2-2: Grounds into fielders choice 4-2 (Groundball, 34S, EV 63.8 MPH) Mike Aldrete to third Dan Hanggie to second
|
|
Batting: SHB Gary Springer
|
0-0: Foul Ball, location: 2F 0-1: Foul Ball, location: 2F 0-2: Foul Ball, location: 2F 0-2: Strikes out swinging
|
| Bottom of the 7th over - 2 runs, 3 hits, 0 errors, 3 left on base; Aberdeen 2 - Sioux Falls 3 |
| TOP OF THE 8TH |
|
Aberdeen Pheasants batting - Pitching for Sioux Falls Packers : LHP Jose Perez
|
|
Batting: RHB Thomas Masterson
|
0-0: Called Strike 0-1: Ball 1-1: Ball 2-1: Foul Ball, location: 2F 2-2: Foul Ball, location: 2F 2-2: Ground out 6-3 (Groundball, 56, EV 83.8 MPH)
|
|
Batting: RHB Alejandro Luna
|
0-0: Fly out, F9 (Flyball, 9D, EV 100.6 MPH)
|
|
Batting: LHB Sergio Leija
|
0-0: Ball 1-0: Ball 2-0: Called Strike 2-1: DOUBLE (Line Drive, 78XD, EV 103.8 MPH)
|
|
Batting: LHB Robert McNair
|
0-0: Fly out, F8 (Flyball, 8RM, EV 97.5 MPH)
|
| Top of the 8th over - 0 runs, 1 hit, 0 errors, 1 left on base; Aberdeen 2 - Sioux Falls 3 |
| BOTTOM OF THE 8TH |
|
Sioux Falls Packers batting - Pitching for Aberdeen Pheasants : RHP Ernesto Borbon
|
|
Batting: LHB Michael Robbins
|
0-0: Fly out, F8 (Flyball, 8LD, EV 96.3 MPH)
|
|
Batting: RHB Brian Snitker
|
0-0: Ball 1-0: Ball 2-0: Foul Ball, location: 2F 2-1: Foul Ball, location: 2F 2-2: Strikes out looking
|
|
Batting: RHB Francisco Perez
|
0-0: Swinging Strike 0-1: Ball 1-1: Ball 2-1: Swinging Strike 2-2: Foul Ball, location: 2F 2-2: Strikes out swinging
|
| Bottom of the 8th over - 0 runs, 0 hits, 0 errors, 0 left on base; Aberdeen 2 - Sioux Falls 3 |
| TOP OF THE 9TH |
|
Aberdeen Pheasants batting - Pitching for Sioux Falls Packers : LHP Jose Perez
|
|
Pitching: LHP Michael Elliott
|
|
|
Now at 3B: Ricky Jones
|
|
|
Batting: LHB Bob Porter
|
0-0: Ground out 4-3 (Groundball, 4M, EV 110.0 MPH)
|
|
Batting: RHB Pedro Chavez
|
0-0: Ball 1-0: Swinging Strike 1-1: Foul Ball, location: 2F 1-2: Foul Ball, location: 2F 1-2: Ball 2-2: Strikes out looking
|
|
Batting: RHB Mike R Fitzgerald
|
0-0: Foul Ball, location: 2F 0-1: Ground out 6-3 (Groundball, 6, EV 78.8 MPH)
|
| Top of the 9th over - 0 runs, 0 hits, 0 errors, 0 left on base; Aberdeen 2 - Sioux Falls 3 |
|